 Dungeon Crawl Stone Soup version 0.20.1-1-g8b1a95d (webtiles) character file.

147 vineage the Cudgeler (level 5, -2/32 HPs)
             Began as a Gargoyle Fighter on Oct 18, 2017.
             Killed by divine providence
             ... invoked by an orc priest
              (10 damage)
             ... on level 3 of the Dungeon.
             The game lasted 00:02:48 (1992 turns).

vineage the Cudgeler (Gargoyle Fighter)             Turns: 1992, Time: 00:02:49

Health: -2/32      AC: 13    Str: 20    XL:     5   Next: 29%
Magic:  5/5        EV:  7    Int:  8    God:
Gold:   47         SH:  9    Dex: 10    Spells: 4/4 levels left

rFire    . . .     SeeInvis .   a - +0 flail
rCold    . . .     Gourm    .   c - +0 shield
rNeg     + . .     Faith    .   b - +0 scale mail
rPois    ∞         Spirit   .   (no helmet)
rElec    +         Reflect  .   o - +0 cloak
rCorr    .         Harm     .   h - +0 pair of gloves
MR       .....                  (no boots)
Stlth    ..........             (no amulet)
Regen    0.1/turn               m - ring of poison resistance
MPRegen  0.1/turn               (no ring)

@: no status effects
A: negative energy resistance 1, electricity resistance, unbreathing,
petrification resistance, rot immunity, AC +4
a: no special abilities


You were on level 3 of the Dungeon.
You were hungry.

You visited 1 branch of the dungeon, and saw 3 of its levels.

You collected 47 gold pieces.

Inventory:

Hand Weapons
 a - a +0 flail (weapon)
Armour
 b - a +0 scale mail (worn)
 c - a +0 shield (worn)
 h - a +0 pair of gloves (worn)
 o - a +0 cloak (worn)
Jewellery
 m - a ring of poison resistance (left hand)
Scrolls
 e - a scroll of enchant weapon {unknown}
 g - 2 scrolls of identify {unknown}
 i - 2 scrolls of teleportation {unknown}
 k - a scroll of magic mapping {unknown}
 n - a scroll of remove curse {unknown}
Potions
 d - a potion of might
 l - a potion of experience {unknown}
Comestibles
 f - a bread ration
 p - a meat ration
 q - a royal jelly


   Skills:
 - Level 3.3 Fighting
 + Level 5.2 Maces & Flails
 - Level 3.4 Armour
 - Level 3.3 Shields


You had 4 spell levels left.
You didn't know any spells.

Dungeon Overview and Level Annotations

Branches:
Dungeon (3/15)

Altars:
Makhleb
Ru
Zin


Innate Abilities, Weirdness & Mutations

You are resistant to torment.
Your stone body is resilient. (AC +4)
You are immune to poison.
You resist negative energy. (rN+)
You are resistant to electric shocks. (rElec)
You can survive without breathing.
You are immune to petrification.
You are immune to rotting.


Message History

You feel a bit more experienced.
The orc priest begins to cast a cantrip, but forgets the words!
You sock the orc!
You kill the orc!
You closely miss the orc. The orc barely misses you.
The orc priest calls down the wrath of Beogh upon you.
Beogh smites you!
* * * LOW HITPOINT WARNING * * *
The orc hits you but does no damage.
It was a potion of curing.
You feel better. The orc hits you but does no damage.
You barely miss the orc. The orc closely misses you.
The orc priest casts a cantrip, but nothing happens.
You hit the orc but do no damage.
The orc hits you with an enchanted falchion.
* * * LOW HITPOINT WARNING * * *
Your shield prevents you from hitting the orc.
The orc priest mumbles some strange prayers to Beogh against you.
Beogh smites you!
You die...

#.# ###.####### #.#
#.# #.# #.# #.# #.#
#.# #.# ##+# #.# ..#
#...# #.# ### .....#
###.##### ## ......#
#.......## .####
.......###.....##.#
....+
.......oo@......#.#
.####
.......###......#.#
.# ......#
#......)## .# .....#
######.## .# #...#
#.# .# ##+# #.# .#
#.########## #.#
####### #.##.......#
#.#
......###.##.#####.#
#.#


You could see an orc priest and an orc.

Vanquished Creatures
  Crazy Yiuf (D:2)
  An orc wizard (D:3)
  3 gnolls (D:2)
  An adder (D:2)
  2 worms (D:2)
  2 dart slugs
  2 leopard geckos
  2 orcs (D:3)
  2 ball pythons (D:2)
  3 bats
  3 goblins
  6 hobgoblins
  3 kobolds
  A quokka (D:2)
  3 frilled lizards
  6 rats
41 creatures vanquished.

Notes
Turn   | Place    | Note
-------+----------+-------------------------------------------
     0 | D:1      | vineage the Gargoyle Fighter began the quest for the Orb.
     0 | D:1      | Reached XP level 1. HP: 14/14 MP: 1/1
   260 | D:1      | Reached XP level 2. HP: 17/19 MP: 2/2
   902 | D:2      | Reached skill level 3 in Maces & Flails
   911 | D:2      | Reached XP level 3. HP: 14/23 MP: 3/3
  1028 | D:2      | Found a runed door.
  1437 | D:2      | Reached skill level 4 in Maces & Flails
  1437 | D:2      | Reached XP level 4. HP: 14/28 MP: 4/4
  1631 | D:2      | Found a glowing silver altar of Zin.
  1631 | D:2      | Found a burning altar of Makhleb.
  1632 | D:2      | Found a sacrificial altar of Ru.
  1757 | D:2      | Noticed Crazy Yiuf
  1763 | D:2      | Killed Crazy Yiuf
  1959 | D:3      | Reached XP level 5. HP: 31/32 MP: 5/5
  1986 | D:3      | Reached skill level 5 in Maces & Flails
  1988 | D:3      | HP: 1/32 [orc priest/divine providence (10)]
  1992 | D:3      | Killed from afar by an orc priest

Skill      XL: |  1  2  3  4  5 |
---------------+----------------+-----
Maces & Flails | 3 4 5 |  5.2
Fighting       | |  3.3
Armour         | |  3.4
Shields        | |  3.3

Action                   |  1- 3 |  4- 6 || total
-------------------------+-------+-------++-------
Melee: Flail             |   138 |    58 ||   196
  Use: Potion            |       |     1 ||     1
  Eat: Chunk             |     2 |     1 ||     3
Armor: Scale mail        |    63 |    25 ||    88
Dodge: Dodged            |    44 |    17 ||    61
Block: Shield            |    78 |    17 ||    95
